 Dungeon Crawl Stone Soup version 0.25-a0-317-g5f8687bca5 (webtiles) character file.

Game seed: 9831230737665301, levelgen mode: classic

29563 Borgoz the Basher (level 13, -4/84 HPs)
             Began as a Gargoyle Fighter on Dec 25, 2019.
             Was a Priest of Ashenzari.
             Slain by a phantasmal warrior (24 damage)
             ... on level 14 of the Dungeon.
             The game lasted 00:34:36 (17265 turns).

Borgoz the Basher (Gargoyle Fighter)               Turns: 17265, Time: 00:34:36

Health: -4/84      AC: 28    Str: 23    XL:     13   Next: 46%
Magic:  13/13      EV: 13    Int: 10    God:    Ashenzari [***...]
Gold:   663        SH:  0    Dex: 13    Spells: 12/12 levels left

rFire    . . .     SeeInvis +   T - +10 great mace of Qomahaog {drain, rPois} (curse)
rCold    . . .     Gourm    .   (shield currently unavailable)
rNeg     + . .     Faith    .   L - +2 chain mail {MR+}
rPois    ∞         Spirit   .   q - +0 helmet
rElec    +         Reflect  .   (no cloak)
rCorr    +         Harm     .   S - +0 pair of gloves
MR       .....                  j - +0 pair of boots
Stlth    ..........             (no amulet)
HPRegen  0.24/turn              V - +3 ring of strength
MPRegen  0.13/turn              R - ring of resist corrosion

@: vulnerable
A: negative energy resistance 1, electricity resistance, unbreathing,
petrification resistance, rot immunity, AC +9
a: Curse Item, Scrying, Renounce Religion


You were on level 14 of the Dungeon.
You worshipped Ashenzari.
Ashenzari was most pleased with you.
You were very hungry.

You visited 3 branches of the dungeon, and saw 17 of its levels.

You collected 820 gold pieces.
You spent 157 gold pieces at shops.

Inventory:

Hand Weapons
 T - the cursed +10 great mace of Qomahaog (weapon) {drain, rPois}
   (You acquired it on level 14 of the Dungeon)

   A truly terrible weapon, it drains the life of those it strikes.
   It protects you from poison.
   It has a curse placed upon it.
Armour
 j - a +0 pair of boots (worn)
 q - a +0 helmet (worn)
 H - a +1 chain mail of cold resistance
 L - a +2 chain mail of magic resistance (worn)
 S - a +0 pair of gloves (worn)
Jewellery
 i - an uncursed ring of ice
 m - an uncursed ring of protection from magic
 O - an uncursed ring of fire
 R - a ring of resist corrosion (right hand)
 V - a +3 ring of strength (left hand)
Wands
 p - a wand of paralysis (2)
 C - a wand of acid (5)
 K - a wand of clouds (3)
 P - a wand of digging (5)
Scrolls
 e - 2 scrolls of fear {unknown}
 g - 12 scrolls of teleportation
 k - 3 scrolls of fog {unknown}
 l - 11 scrolls of remove curse
 r - 3 scrolls of immolation {unknown}
 t - a scroll of amnesia {unknown}
 w - 6 scrolls of blinking {unknown}
 y - 2 scrolls of magic mapping
 Q - a scroll of holy word
Potions
 d - 4 potions of might
 h - 8 potions of curing
 n - a potion of invisibility
 x - 2 potions of agility
 z - 3 potions of cancellation
 F - a potion of berserk rage
 I - 2 potions of haste
Comestibles
 f - 19 rations


   Skills:
 + Level 11.3 Fighting
 * Level 13.9(17.2) Maces & Flails
 + Level 11.3 Armour
 + Level 8.4 Dodging
   Level 5.0 Shields


You had 12 spell levels left.
You didn't know any spells.
Your spell library contained the following spells:

 Spells                   Type           Power        Failure   Level  Hunger
 Animate Skeleton         Necr           N/A          90%         1    ##.....
 Pain                     Necr           #...         90%         1    ##.....
 Sandblast                Erth           #.....       90%         1    ##.....
 Passwall                 Tmut/Erth      #.......     97%         2    ###....
 Regeneration             Chrm/Necr      #.........   99%         3    ####...
 Stone Arrow              Conj/Erth      #.....       99%         3    ####...
 Vampiric Draining        Necr           #.........   99%         3    ####...
 Animate Dead             Necr           N/A          100%        4    #####..
 Petrify                  Tmut/Erth      #.......     100%        4    #####..
 Bolt of Magma            Conj/Fire/Erth #.........   100%        5    ######.
 Iskenderun's Battlesphe  Conj/Chrm      #.......     100%        5    ######.
 Lee's Rapid Deconstruct  Erth           #.........   100%        5    ######.
 Iron Shot                Conj/Erth      #.........   100%        6    #######
 Orb of Destruction       Conj           #.........   100%        7    #######
 Spellforged Servitor     Conj/Summ      #.........   100%        7    #######


Dungeon Overview and Level Annotations

Branches:
Dungeon (15/15)            Temple (1/1) D:7            Lair (1/6) D:9
    Orc (0/2) D:12
 Vaults: D:13-14     Depths: D:15

Altars:
Ashenzari
Cheibriados
Dithmenos
Elyvilon
Fedhas
Gozag
Hepliaklqana
Kikubaaqudgha
Makhleb
Nemelex Xobeh
Okawaru
Qazlal
Ru
Sif Muna
Trog
Uskayaw
Vehumet
Wu Jian
Xom
Yredelemnul
Zin
The Shining One

Shops:
D:4 ?   D:6 (   D:7 ?

Portals:
Trove: D:14 (lose all piety)


Innate Abilities, Weirdness & Mutations

You are resistant to torment.
Your stone body is resilient. (AC +9)
You are immune to poison.
You resist negative energy. (rN+)
You are resistant to electric shocks. (rElec)
You can survive without breathing.
You are immune to petrification.
You are immune to rotting.


Message History

The phantasmal warrior closely misses you.
Your chain mail prevents you from hitting the queen bee.
The queen bee closely misses you. The phantasmal warrior hits you.
You barely miss the queen bee. The queen bee closely misses you.
You bludgeon the queen bee!!
The queen bee is severely wounded.
The queen bee changes into a troll!
The phantasmal warrior hits you but does no damage.
You bludgeon the troll!! You drain the troll!
You kill the troll!
The phantasmal warrior hits you!!
* * * LOW HITPOINT WARNING * * *
Unknown command.
You sock the phantasmal warrior!
The phantasmal warrior is moderately damaged.
The phantasmal warrior hits you but does no damage.
You hit the phantasmal warrior.
The phantasmal warrior is moderately damaged.
The phantasmal warrior hits you!!
You die...

##'### #.......#
#.##### #.## ######.##
#...... #..#
#############.#
########
###.###)..........(.#
#.......
.......).##########.#
#....... .......[.#,{{
...#.# #...)...
.......#.# *
*#..#.######.......
.<.....#.#, ,
#).#..............
.......#.#, ∆
#@.#..#####.......
.......#.#######.W#..#
#.......
.......#..........#..#
#.......
.........##...#####..#
#.......
#######..............#
########
################


You could see a phantasmal warrior.

Vanquished Creatures
  A hydra (D:14)
  A centaur warrior (D:11)
  A death knight (D:14)
  4 two-headed ogres
  2 skeletal warriors (D:14)
  A mana viper (shapeshifter) (D:14)
  An ugly thing (D:13)
  2 deep elf magi
  Pikel (D:7)
  3 cyclopes
  3 manticores (D:14)
  3 spiny frogs (Lair:1)
  A gargoyle (D:14)
  2 komodo dragons
  2 freezing wraiths (D:14)
  2 trolls
  A troll (shapeshifter) (D:14)
  A hornet (D:11)
  3 hippogriffs
  2 shadows
  24 yaks
  A wraith (D:15)
  2 basilisks
  3 wyverns
  A hungry ghost (D:14)
  A human (D:10)
  A steam dragon (D:12)
  2 vampire mosquitoes (D:12)
  Edmund (D:5)
  A water moccasin (Lair:1)
  2 soldier ants
  3 porcupines (Lair:1)
  10 orc warriors
  4 sky beasts
  4 slaves
  3 black bears
  A hornet zombie (D:7)
  2 ice beasts (D:9)
  An eye of draining (D:12)
  7 centaurs
  5 ogres
  4 phantoms
  2 crocodiles (Lair:1)
  8 bullfrogs
  A big kobold (D:9)
  Blork the orc (D:5)
  A gnoll sergeant (D:10)
  3 scorpions
  A wyvern skeleton (D:10)
  25 killer bees
  19 wights
  5 howler monkeys
  11 crimson imps
  A bullfrog zombie (D:12)
  3 centaur zombies
  A bullfrog skeleton (D:7)
  3 jellies
  3 gnoll shamans
  8 hounds
  4 centaur skeletons
  10 orc priests
  9 orc wizards
  Ijyb (D:4)
  3 iguanas
  12 worker ants
  A hound skeleton (D:6)
  A howler monkey zombie (D:11)
  A worker ant zombie (D:6)
  20 gnolls
  16 adders
  2 howler monkey skeletons
  A shadow imp (D:6)
  An ooze (D:1)
  An adder zombie (D:7)
  6 worms
  5 leopard geckos
  45 orcs
  3 ball pythons
  7 bats
  6 giant cockroaches
  5 goblins
  7 hobgoblins
  12 jackals
  5 quokkas
  A ball python skeleton (D:4)
  11 frilled lizards
  A jackal skeleton (D:4)
  14 kobolds
  A quokka skeleton (D:6)
  8 rats
436 creatures vanquished.

Vanquished Creatures (others)
  3 plants (D:9)
3 creatures vanquished.

Grand Total: 439 creatures vanquished

Notes
Turn   | Place    | Note
-------+----------+-------------------------------------------
     0 | D:1      | Borgoz the Gargoyle Fighter began the quest for the Orb.
     0 | D:1      | Reached XP level 1. HP: 14/14 MP: 1/1
    94 | D:1      | Reached XP level 2. HP: 17/19 MP: 2/2
   409 | D:1      | Reached XP level 3. HP: 23/23 MP: 3/3
  1327 | D:2      | Reached skill level 3 in Maces & Flails
  1327 | D:2      | Reached skill level 1 in Dodging
  1327 | D:2      | Reached XP level 4. HP: 26/29 MP: 4/4
  2114 | D:3      | Reached XP level 5. HP: 33/33 MP: 5/5
  2754 | D:4      | Noticed Ijyb
  2759 | D:4      | Paralysed by Ijyb for 7 turns
  2771 | D:4      | Paralysed by Ijyb for 2 turns
  2777 | D:4      | Paralysed by Ijyb for 3 turns
  2782 | D:4      | Paralysed by Ijyb for 5 turns
  2791 | D:4      | Killed Ijyb
  2791 | D:4      | Reached XP level 6. HP: 28/38 MP: 6/6
  2917 | D:4      | Reached skill level 4 in Maces & Flails
  3042 | D:4      | Found an ornate altar of the Wu Jian Council.
  3153 | D:4      | Found Opice's Magic Scroll Shop.
  3188 | D:4      | Bought a scroll of identify for 20 gold pieces
  3188 | D:4      | Bought a scroll of identify for 20 gold pieces
  3296 | D:5      | Entered Level 5 of the Dungeon
  3556 | D:5      | Noticed Blork the orc
  3568 | D:5      | Killed Blork the orc
  3568 | D:5      | Reached XP level 7. HP: 44/44 MP: 7/7
  4037 | D:5      | Reached skill level 5 in Maces & Flails
  4228 | D:5      | Noticed Edmund
  4245 | D:5      | Killed Edmund
  4245 | D:5      | Reached skill level 5 in Fighting
  4245 | D:5      | Reached skill level 5 in Armour
  4245 | D:5      | Reached skill level 5 in Shields
  4517 | D:6      | Found Siam's Antique Weapon Shop.
  4537 | D:5      | Reached XP level 8. HP: 30/49 MP: 8/8
  5005 | D:6      | Reached skill level 6 in Maces & Flails
  6110 | D:7      | Found Dixtaino's Magic Scroll Emporium.
  6118 | D:7      | Bought a scroll of identify for 26 gold pieces
  6118 | D:7      | Bought a scroll of identify for 26 gold pieces
  6118 | D:7      | Bought a scroll of remove curse for 39 gold pieces
  6118 | D:7      | Bought a scroll of identify for 26 gold pieces
  6129 | D:7      | Reached skill level 7 in Maces & Flails
  6129 | D:7      | Reached XP level 9. HP: 52/55 MP: 9/9
  6188 | D:7      | Noticed Pikel
  6855 | D:8      | Reached skill level 8 in Maces & Flails
  7275 | D:7      | Killed Pikel
  7275 | D:7      | Reached XP level 10. HP: 29/63 MP: 10/10
  7460 | D:7      | Found a staircase to the Ecumenical Temple.
  7539 | D:7      | Reached skill level 9 in Maces & Flails
  7667 | Temple   | Entered the Ecumenical Temple
  7685 | Temple   | Became a worshipper of Ashenzari the Shackled
  8058 | D:7      | Found a glowing golden altar of the Shining One.
  8676 | D:9      | Reached skill level 5 in Dodging
  9636 | D:9      | Found a staircase to the Lair.
  9664 | D:9      | Reached skill level 10 in Maces & Flails
  9999 | D:10     | Entered Level 10 of the Dungeon
 10251 | D:10     | Reached XP level 11. HP: 66/69 MP: 11/11
 10363 | D:10     | Noticed a deep elf mage
 10380 | D:10     | Killed a deep elf mage
 10653 | D:10     | Noticed a cyclops
 10668 | D:10     | Killed a cyclops
 10868 | D:10     | Noticed a two-headed ogre
 10883 | D:10     | Killed a two-headed ogre
 11144 | D:10     | Reached * piety under Ashenzari
 11229 | D:10     | Noticed a two-headed ogre
 11241 | D:10     | Killed a two-headed ogre
 11241 | D:10     | Reached skill level 11 in Maces & Flails
 11425 | D:11     | Noticed a cyclops
 11434 | D:11     | Killed a cyclops
 11546 | D:12     | Noticed a cyclops
 11604 | D:11     | Noticed a centaur warrior
 11610 | D:11     | Noticed a two-headed ogre
 11623 | D:11     | Killed a centaur warrior
 11630 | D:11     | Killed a two-headed ogre
 12218 | D:11     | Reached XP level 12. HP: 45/77 MP: 12/12
 13189 | D:12     | Reached skill level 12 in Maces & Flails
 13709 | D:12     | Reached skill level 10 in Fighting
 13709 | D:12     | Reached skill level 10 in Armour
 13880 | D:12     | Found a staircase to the Orcish Mines.
 14321 | D:13     | Reached ** piety under Ashenzari
 14572 | D:13     | Noticed a two-headed ogre
 14587 | D:13     | Killed a two-headed ogre
 15004 | D:15     | Entered Level 15 of the Dungeon
 15004 | D:15     | Noticed an eight-headed hydra
 15164 | D:14     | Noticed a death knight
 15194 | D:14     | Killed a death knight
 15214 | D:14     | Reached skill level 13 in Maces & Flails
 15567 | D:14     | Found a burning altar of Makhleb.
 15576 | D:14     | Identified a scroll of acquirement
 15578 | D:14     | Got the cursed great mace of Qomahaog {drain, rPois}
 15584 | D:14     | Identified the cursed +10 great mace of Qomahaog {drain,
                  | rPois} (You acquired it on level 14 of the Dungeon)
 15756 | D:14     | Reached XP level 13. HP: 78/84 MP: 13/13
 16164 | D:14     | Found a portal to a secret trove of treasure.
 16322 | Lair:1   | Entered Level 1 of the Lair of Beasts
 16803 | Lair:1   | Reached *** piety under Ashenzari
 17265 | D:14     | Slain by a phantasmal warrior

Levels and vault maps discovered:
D:1:      lemuel_arrival_muddy, layout_loops_ring, minmay_ruptured
D:2:      minmay_inner_zag, layout_basic
D:3:      layout_loops_ring
D:4:      layout_basic, lemuel_round_altar, first_ration, serial_shops,
          nicolae_shop_crystal, serial_bayou_pond_a, uniq_ijyb
D:5:      layout_loops_ring, uniq_edmund, uniq_blork_the_orc
D:6:      layout_loops_ring, serial_shops, shop, hex_medium,
          kennysheep_generic_room_16
D:7:      layout_cave_pools, temple_statues, serial_shops, shop, tso_altar,
          uniq_pikel
D:8:      layout_loops_ring, nicolae_two_hexagons
D:9:      layout_cave_pools, david_lair_shrubbed
D:10:     layout_long_grid, hangedman_stone_soup
D:11:     layout_layer_cave
D:12:     layout_rooms, chequers_mini_garden, minmay_diced_spiral
D:13:     layout_loops_ring
D:14:     layout_roguey, david_vaults_4, enter_trove_1, basic_altar
D:15:     gammafunk_enter_depths_forms, layout_small_grid, serial_park_square1
          [serial_park_minivault_5x5_1]
Temple:   regret_index_temple_sigil_plot
Lair:1:   layout_regular_city, grunt_megastairs_3

Skill      XL: |  1  2  3  4  5  6  7  8  9 10 11 12 13 |
---------------+----------------------------------------+-----
Maces & Flails | 3 4 5 7 8 10 11 13 | 13.9
Dodging        | 1 2 3 4 5 6 7 8 |  8.4
Fighting       | 4 5 6 7 8 9 10 11 | 11.3
Armour         | 4 5 6 7 8 9 10 11 | 11.3
Shields        | 4 5 |  5.0

Action                   |  1- 3 |  4- 6 |  7- 9 | 10-12 | 13-15 || total
-------------------------+-------+-------+-------+-------+-------++-------
Melee: Flail             |   196 |   200 |   375 |  1100 |       ||  1871
       Whip              |       |    79 |   198 |       |       ||   277
       Great mace        |       |       |       |    34 |   130 ||   164
Throw: Throwing net      |       |       |     2 |     1 |       ||     3
Evoke: Wand              |       |       |     3 |       |       ||     3
  Use: Scroll            |       |     7 |     4 |     8 |     4 ||    23
       Potion            |       |       |     4 |     6 |     1 ||    11
 Stab: Held in net/web   |       |       |     2 |       |       ||     2
       Paralysed         |       |       |     2 |       |       ||     2
  Eat: Chunk             |     2 |     8 |    13 |    22 |     4 ||    49
       Ration            |       |       |       |     3 |       ||     3
Armor: Scale mail        |   117 |   136 |   187 |       |       ||   440
       Plate armour      |       |       |   126 |   396 |       ||   522
       Chain mail        |       |       |       |   394 |    91 ||   485
Dodge: Dodged            |    72 |    95 |   167 |   364 |    86 ||   784
Block: Shield            |   113 |   146 |   305 |   645 |       ||  1209

Table legend:
 A = Non-vault XP
 B = Vault XP
 C = Vault XP percentage of total XP
 D = Non-vault monster count
 E = Vault monster count
 F = Vault count percentage of total count
                 A         B        C        D         E       F
            +---------+---------+-------+---------+---------+-------
      Total |   38143 |    4091 |   9.7 |     407 |      25 |   5.8
            +---------+---------+-------+---------+---------+-------
        D:1 |      43 |       1 |   2.3 |      23 |       1 |   4.2
        D:2 |      51 |       7 |  12.1 |      22 |       5 |  18.5
        D:3 |     113 |       0 |   0.0 |      27 |       0 |   0.0
        D:4 |     237 |      36 |  13.2 |      20 |       1 |   4.8
        D:5 |     466 |     256 |  35.5 |      20 |       2 |   9.1
        D:6 |     698 |     231 |  24.9 |      21 |       3 |  12.5
        D:7 |    1263 |     559 |  30.7 |      27 |       1 |   3.6
        D:8 |    1318 |       0 |   0.0 |      34 |       0 |   0.0
        D:9 |    2646 |     389 |  12.8 |      38 |       1 |   2.6
       D:10 |    3886 |     628 |  13.9 |      33 |       4 |  10.8
       D:11 |    5779 |       0 |   0.0 |      41 |       0 |   0.0
       D:12 |    2735 |     425 |  13.4 |      19 |       3 |  13.6
       D:13 |    2186 |       0 |   0.0 |      12 |       0 |   0.0
       D:14 |   11580 |    1263 |   9.8 |      47 |       2 |   4.1
       D:15 |     666 |       0 |   0.0 |       3 |       0 |   0.0
     Lair:1 |    4476 |     296 |   6.2 |      20 |       2 |   9.1
            +---------+---------+-------+---------+---------+-------
